 Dungeon Crawl Stone Soup version 0.25-a0-578-gc91f01c39c (webtiles) character file.

Game seed: 3678376412448571351, levelgen mode: deterministic

42 Lugonue the Stinger (level 3, -1/21 HPs)
             Began as an Octopode Venom Mage on Mar 4, 2020.
             Slain by a goblin (2 damage)
             ... led by Robin
             ... on level 2 of the Dungeon.
             The game lasted 00:03:37 (1043 turns).

Lugonue the Stinger (Octopode Venom Mage)           Turns: 1043, Time: 00:03:38

Health: -1/21      AC:  3    Str:  7    XL:     3   Next: 56%
Magic:  0/7        EV: 13    Int: 18    God:
Gold:   99         SH:  0    Dex: 12    Spells: 4/7 levels left

rFire    . . .     SeeInvis .   (no weapon)
rCold    . . .     Gourm    .   (no shield)
rNeg     . . .     Faith    .   (helmet restricted)
rPois    .         Spirit   .   (no amulet)
rElec    .         Reflect  .   (no ring)
rCorr    .         Harm     .   (no ring)
MR       .....                  (no ring)
Stlth    +++.......             (no ring)
HPRegen  0.07/turn              (no ring)
MPRegen  0.10/turn              (no ring)
                                (no ring)
                                (no ring)

@: stab, hasted, very quick
A: almost no armour, stealthy swim, amphibious, 8 rings, constrict 8, icy blue
scales 1, camouflage 1, deterioration 1, gelatinous body 1
a: no special abilities


You were on level 2 of the Dungeon.
You were not hungry.

You visited 1 branch of the dungeon, and saw 3 of its levels.

You collected 99 gold pieces.

Inventory:

Scrolls
 f - a scroll of magic mapping {unknown}
Comestibles
 b - 4 rations


   Skills:
 + Level 2.2 Dodging
 + Level 3.3 Stealth
 - Level 0.2 Unarmed Combat
 * Level 2.7 Spellcasting
 + Level 1.1 Transmutations
 + Level 0.2 Air Magic
 + Level 4.1 Poison Magic


You had 4 spell levels left.
You knew the following spells:

 Your Spells              Type           Power        Failure   Level  Hunger
a - Sting                 Tmut/Pois      ##..         6%          1    #......
b - Poisonous Vapours     Pois/Air       ##....       11%         2    ##.....

Your spell library contained the following spells:

 Spells                   Type           Power        Failure   Level  Hunger
 Ignite Poison            Fire/Tmut/Pois #.......     24%         3    ###....
 Mephitic Cloud           Conj/Pois/Air  #.......     28%         3    ###....
 Olgreb's Toxic Radiance  Pois           ###.....     30%         4    #####..


Dungeon Overview and Level Annotations

Branches:
Dungeon (3/15)

Altars:
Wu Jian

Annotations:
D:2 Robin


Innate Abilities, Weirdness & Mutations

You cannot wear most types of armour.
You are very stealthy in the water. (Stealth+)
You are amphibious.
You can wear up to eight rings at the same time.
You can use your tentacles to constrict eight enemies at once.
Your skin changes colour to match your surroundings (Stealth+).
Your rubbery body absorbs attacks. (AC +1, EV +1)
You are partially covered in icy blue scales. (AC +2)
Your body sometimes deteriorates upon taking damage.


Message History

You constrict the goblin, but do no damage.
The goblin closely misses you. The goblin barely misses you. x2
The goblin hits you with a +0 club.
* * * LOW HITPOINT WARNING * * *
You barely miss the goblin. You constrict the goblin.
The goblin hits you but does no damage. The goblin hits you.
* * * LOW HITPOINT WARNING * * *
Casting: Sting (safe; 6% risk of failure)
Confirm with . or Enter, or press ? or * to list all spells.
Aiming: Sting (safe; 6% risk of failure)
Press: ? - help, Shift-Dir - straight line, f - goblin
Aim: a goblin The sting hits the goblin.
The goblin is poisoned.
You kill the goblin!
The goblin misses you. The goblin hits you with a +0 club.
* * * LOW HITPOINT WARNING * * *
As you read the scroll labeled GEYSIANK IVIUG, it crumbles to dust.
You feel blessed for a moment.
It was a scroll of remove curse.
The goblin hits you.
You die...

..............>....#####
##.....#######....##...##
#####.....# #...##...(.##
#..##.# #...#.......#
######J....# #......._...#
........######gg.#.......#
.รท.........g..gJg##.....##
###############g####...##
..# #g@# ##### #.###
########gg## ...g... ....#
#........g.# ..g...g ....#
#..........# ..g.... ....#
#..........##..gJg.. #####
##########..#....g.g
##.#....... #### #.#.g..g..
...# #..#


You could see an ooze and 8 goblins.

Vanquished Creatures
  An adder (D:2)
  2 dart slugs (D:1)
  A leopard gecko (D:1)
  A ball python (D:1)
  3 giant cockroaches (D:1)
  6 goblins
  2 hobgoblins (D:1)
  3 bats
  3 frilled lizards
  4 kobolds
  2 rats
28 creatures vanquished.

Notes
Turn   | Place    | Note
-------+----------+-------------------------------------------
     0 | D:1      | Lugonue the Octopode Venom Mage began the quest for the
                  | Orb.
     0 | D:1      | Reached XP level 1. HP: 11/11 MP: 3/3
   138 | D:1      | Reached XP level 2. HP: 15/17 MP: 5/5
   180 | D:1      | Learned a level 2 spell: Poisonous Vapours
   403 | D:1      | Reached skill level 4 in Poison Magic
   558 | D:1      | Reached XP level 3. HP: 21/21 MP: 2/6
   953 | D:2      | Found an ornate altar of the Wu Jian Council.
   978 | D:2      | Noticed Robin
  1038 | D:2      | Gained mutation: Your body sometimes deteriorates upon
                  | taking damage. [potion of mutation]
  1038 | D:2      | Gained mutation: You are partially covered in icy blue
                  | scales. (AC +2) [potion of mutation]
  1042 | D:2      | HP: 1/21 [goblin/+0 club[Robin] (2)]
  1043 | D:2      | Slain by a goblin

Levels and vault maps discovered:
D:1:      wheals_arrival_shading, layout_basic, chequers_serial_rivers_marsh,
          skrybe_limestone_x
D:2:      layout_basic, lemuel_round_altar, chequers_ecumenical_altar_island,
          first_ration, uniq_robin
D:3:      layout_rooms, grunt_temple_overflow_open

Skill      XL: |  1  2 |
---------------+-------+-----
Stealth        | 3 |  3.3
Poison Magic   | 4 |  4.1
Dodging        | |  2.2
Unarmed Combat | |  0.2
Spellcasting   | |  2.7
Transmutations | |  1.1
Air Magic      | |  0.2

Action                   || total
-------------------------++-------
Melee: Unarmed           ||    23
       Constrict         ||     9
       Tentacles         ||     5
 Cast: Sting             ||    25
       Poisonous Vapours ||    10
  Use: Scroll            ||     3
       Potion            ||     3
 Stab: Sleeping          ||     2
  Eat: Chunk             ||     1
Armor: Skin              ||    10
Dodge: Dodged            ||    40

Table legend:
 A = Non-vault XP
 B = Vault XP
 C = Vault XP percentage of total XP
 D = Non-vault monster count
 E = Vault monster count
 F = Vault count percentage of total count
                 A         B        C        D         E       F
            +---------+---------+-------+---------+---------+-------
      Total |      58 |       3 |   4.9 |      26 |       2 |   7.1
            +---------+---------+-------+---------+---------+-------
        D:1 |      38 |       0 |   0.0 |      20 |       0 |   0.0
        D:2 |      18 |       3 |  14.3 |       5 |       2 |  28.6
        D:3 |       2 |       0 |   0.0 |       1 |       0 |   0.0
            +---------+---------+-------+---------+---------+-------
